[Event "Titled Tuesday Blitz March 15 Late 2022"]
[White "Melkumyan, Hrant"]
[Black "Perez Leiva, Jerzy Jesus"]
[WhiteFideId "13302485"]
[BlackFideId "3524337"]
[WhiteElo "2604"]
[BlackElo "2261"]
[Result "1-0"]
[Round "01"]
[TimeControl "180+1"]
[Date "2022.03.15"]
[WhiteClock "0:01:41"]
[BlackClock "0:00:08"]

1. d4 Nf6 2. c4 e6 3. Nf3 d5 4. Nc3 Bb4 5. Bg5 h6 6. Qa4+ Nc6 7. Bxf6 Qxf6 8. e3 O-O 9. Rc1 Bd7 10. Qb3 Rfe8 11. a3 Ba5 12. Be2 dxc4 13. Qxc4 e5 14. b4 exd4 15. Nd5 Qd6 16. bxa5 Be6 17. e4 Nxa5 18. Qc5 Bxd5 19. Qxa5 Rxe4 20. Kf1 Rae8 21. Bd3 Rf4 22. Qxc7 Qf6 23. Re1 Rxe1+ 24. Kxe1 Qe6+ 25. Kd2 Qg4 26. Qd8# 1-0


[Site "https://www.chess.com"]

[Event "Titled Tuesday Blitz March 15 Late 2022"]
[White "Mikhailov, Viacheslav"]
[Black "Romero Ruscalleda, Josep"]
[WhiteFideId "4187369"]
[BlackFideId "2231859"]
[WhiteElo "2381"]
[BlackElo "2338"]
[Result "1-0"]
[Round "01"]
[TimeControl "180+1"]
[Date "2022.03.16"]
[WhiteClock "0:01:06"]
[BlackClock "0:00:23"]

1. Nf3 g6 2. g3 Bg7 3. Bg2 d6 4. O-O e5 5. d4 exd4 6. Nxd4 Nf6 7. c4 O-O 8. Nc3 c6 9. b3 Nbd7 10. Bb2 Nc5 11. Qd2 Re8 12. Rad1 d5 13. cxd5 Nxd5 14. Nxd5 cxd5 15. Nb5 Bxb2 16. Qxb2 Be6 17. h4 Qb6 18. Nc3 Rad8 19. Nxd5 Bxd5 20. Rxd5 Na4 21. Qd2 Rxd5 22. Bxd5 Nc5 23. Rd1 Ne4 24. Qf4 Nd6 25. e4 Kg7 26. h5 h6 27. hxg6 fxg6 28. Bc4 Rd8 29. Qe5+ Kh7 30. Qe7+ Kh8 31. e5 Nf7 32. Rxd8+ Nxd8 33. Qf8+ 1-0


[Site "https://www.chess.com"]

[Event "Titled Tuesday Blitz March 15 Late 2022"]
[White "Mikhalsky, Vladimir"]
[Black "Kobalia, Mikhail"]
[WhiteFideId "14144352"]
[BlackFideId "4119150"]
[WhiteElo "2301"]
[BlackElo "2667"]
[Result "0-1"]
[Round "01"]
[TimeControl "180+1"]
[Date "2022.03.16"]
[WhiteClock "0:00:17"]
[BlackClock "0:00:08"]

1. c4 Nf6 2. Nc3 g6 3. e4 d6 4. d4 Bg7 5. f3 O-O 6. Be3 a6 7. Qd2 c6 8. a4 a5 9. Bd3 Na6 10. Rd1 Nb4 11. Bb1 Qc7 12. Nge2 e5 13. d5 cxd5 14. cxd5 Bd7 15. Rc1 Qd8 16. Nb5 Bxb5 17. axb5 Nh5 18. O-O Rc8 19. Rxc8 Qxc8 20. Rc1 Qd7 21. Nc3 Nf4 22. Bb6 Bh6 23. Be3 Bg5 24. g3 Nh3+ 25. Kg2 f6 26. b6 Rc8 27. Ne2 Bxe3 28. Qxe3 Ng5 29. g4 Nf7 30. Rc3 Na6 31. Bd3 Rxc3 32. Nxc3 Nc5 33. Bb5 Qd8 34. Na4 Nxa4 35. Bxa4 Qc8 36. Qc3 Qc5 37. Bd7 Qxb6 38. Be6 Qc5 39. Qd2 Kg7 40. h4 Nd8 41. h5 g5 42. h6+ Kxh6 43. Bf5 Kg7 44. Qe1 Qc2+ 45. Kg3 b6 46. Qh1 h6 47. Qh5 Nf7 48. Qg6+ Kf8 49. Qxf6 Qc1 50. Kg2 Qxb2+ 51. Kg3 Qc1 52. Be6 Qf4+ 53. Qxf4 exf4+ 54. Kf2 Ne5 55. Ke2 b5 56. Kd2 Ke7 57. Kc3 Kd8 58. Kb3 Kc7 59. Bf5 Kb6 60. Be6 Kc5 61. Bc8 a4+ 62. Ka3 Nc4+ 63. Ka2 b4 64. Ka1 b3 65. Kb1 a3 66. Ka1 Ne3 67. Kb1 Nc2 68. Kc1 a2 69. Kd2 a1=Q 0-1


[Site "https://www.chess.com"]

[Event "Titled Tuesday Blitz March 15 Late 2022"]
[White "Miszler, Levente"]
[Black "Lysyj, Igor"]
[WhiteFideId "763276"]
[BlackFideId "4150120"]
[WhiteElo "1966"]
[BlackElo "2611"]
[Result "0-1"]
[Round "01"]
[TimeControl "180+1"]
[Date "2022.03.16"]
[WhiteClock "0:00:08"]
[BlackClock "0:00:39"]

1. Nf3 Nf6 2. c4 b6 3. g3 Bb7 4. Bg2 c5 5. O-O e6 6. d4 cxd4 7. Nxd4 Bxg2 8. Kxg2 Qc8 9. b3 Nc6 10. Bb2 Be7 11. e3 O-O 12. Nd2 Rd8 13. N2f3 Qb7 14. Kg1 a6 15. Qe2 Nxd4 16. Nxd4 Ne4 17. Rac1 Ng5 18. h4 Ne4 19. Rfd1 Rac8 20. Nf3 d6 21. Nd2 Nc5 22. Qg4 Bf8 23. Qf3 Qb8 24. Ne4 Nxe4 25. Qxe4 b5 26. Qd3 d5 27. cxd5 Rxd5 28. Qe4 Rxc1 29. Rxc1 h5 30. Bd4 Qb7 31. Qc2 e5 32. Bb2 Rc5 33. Qd2 Rxc1+ 34. Qxc1 f6 35. Qc2 e4 36. Bd4 Kf7 37. Kg2 Be7 38. a4 g6 39. Qc3 Qd7 40. Qa5 Qc6 41. axb5 axb5 42. Qc3 Qd5 43. b4 Qc4 44. Qxc4+ bxc4 45. b5 Ke6 46. Kf1 g5 47. Ke2 gxh4 48. gxh4 f5 49. b6 Kd7 50. Kd2 Bxh4 51. Be5 Kc6 52. Bc7 Bxf2 53. Kc3 Bxe3 54. Kxc4 Bxb6 55. Bf4 h4 56. Kc3 h3 57. Kd2 Bc7 0-1


[Site "https://www.chess.com"]

[Event "Titled Tuesday Blitz March 15 Late 2022"]
[White "Mogranzini, Roberto"]
[Black "Coelho, Ramyres Santana"]
[WhiteFideId "810894"]
[BlackFideId "2120690"]
[WhiteElo "2469"]
[BlackElo "1888"]
[Result "1-0"]
[Round "01"]
[TimeControl "180+1"]
[Date "2022.03.16"]
[WhiteClock "0:00:14"]
[BlackClock "0:00:05"]

1. c4 Nf6 2. g3 g6 3. Bg2 Bg7 4. Nc3 O-O 5. d3 d6 6. Bd2 c6 7. Qc1 Qc7 8. Bh6 e5 9. h4 Ng4 10. Bxg7 Kxg7 11. h5 Rh8 12. h6+ Kf8 13. Nf3 f5 14. b4 Be6 15. b5 Nd7 16. bxc6 bxc6 17. O-O Rc8 18. Rb1 Nc5 19. d4 Ne4 20. Nxe4 fxe4 21. Ng5 Bf5 22. dxe5 dxe5 23. Nxe4 Bxe4 24. Bxe4 Ke8 25. Qg5 Qd7 26. Bf3 Nxh6 27. Qxh6 Rf8 28. Qg5 Qg7 29. Rfd1 Rf5 30. Qe3 h5 31. Rd6 Rc7 32. Rbd1 Rc8 33. Rd7 Qxd7 34. Rxd7 Kxd7 35. Be4 Rf6 36. c5 Rcf8 37. f3 Kc7 38. Qa3 Kb8 39. Qb4+ Ka8 40. Bxc6+ Rxc6 41. Qe4 Rc8 42. Kg2 Kb8 43. Qb4+ Kc7 44. Kh3 Kd7 45. Qb5 Ke6 46. Qc4+ Kf6 47. Qh4+ Kf7 48. Qc4+ Kf6 49. Qh4+ Ke6 50. Qg5 Kd5 51. f4 Re8 52. f5 Rxc5 53. fxg6 Kd4 54. Qxh5 Rcc8 55. Qg4+ Ke3 56. Qf3+ Kd2 57. Qd3+ Ke1 58. Kg4 e4 59. Qb1+ Kf2 60. Qb2 e3 61. Qb5 Rg8 62. Kg5 Rcd8 63. Qf5+ Kxe2 64. Kh6 Rdf8 65. Qg4+ Kd2 66. g7 Rf7 67. Qd4+ Ke2 68. Qc4+ Kf2 69. Qxf7+ Kg2 70. Qxg8 e2 71. Qe6 e1=Q 72. Qxe1 Kh3 73. Qh1+ Kg4 74. Qh4+ Kf3 75. g8=Q Kg2 76. Qd5+ 1-0


[Site "https://www.chess.com"]

[Event "Titled Tuesday Blitz March 15 Late 2022"]
[White "Najer, Evgeniy"]
[Black "Jarocka, Liwia"]
[WhiteFideId "4118987"]
[BlackFideId "21807558"]
[WhiteElo "2562"]
[BlackElo "1896"]
[Result "1-0"]
[Round "01"]
[TimeControl "180+1"]
[Date "2022.03.16"]
[WhiteClock "0:00:02"]
[BlackClock "0:00:03"]

1. e4 c5 2. Nf3 Nc6 3. Bb5 d6 4. c3 Bd7 5. d4 cxd4 6. cxd4 a6 7. Ba4 Nf6 8. d5 Ne5 9. Bxd7+ Qxd7 10. Nc3 e6 11. O-O exd5 12. Nxd5 Nxd5 13. Qxd5 Nxf3+ 14. gxf3 Be7 15. Rd1 O-O 16. Bf4 Qh3 17. Rd3 b5 18. Bxd6 Bxd6 19. Qxd6 h5 20. Rad1 Rae8 21. Qg3 Qe6 22. b3 Qf6 23. Rd5 h4 24. Qg4 Re6 25. Rg5 g6 26. Kg2 Kg7 27. Qxh4 Rh8 28. Qg3 Rh6 29. e5 Qe7 30. f4 Qb7+ 31. Kg1 Qe4 32. Qe3 Qc2 33. Rd2 Qb1+ 34. Kg2 Rc6 35. f5 Rc1 36. f6+ Kh7 37. e6 Rg1+ 38. Kf3 Rxg5 39. Qxg5 Qh1+ 40. Ke2 Qe4+ 41. Qe3 Qg4+ 42. Kd3 Qf5+ 43. Kc3 Qxf6+ 44. Kb4 Rh4+ 45. Ka5 fxe6 46. Rd7+ Kg8 47. Qc5 Rf4 48. Qc8+ Qf8 49. Rd8 1-0


[Site "https://www.chess.com"]

[Event "Titled Tuesday Blitz March 15 Late 2022"]
[White "Nakamura, Hikaru"]
[Black "Bellissimo, Joseph F."]
[WhiteFideId "2016192"]
[BlackFideId "2609843"]
[WhiteElo "3154"]
[BlackElo "2559"]
[Result "1-0"]
[Round "01"]
[TimeControl "180+1"]
[Date "2022.03.15"]
[WhiteClock "0:01:05"]
[BlackClock "0:00:03"]

1. Nf3 Nf6 2. b3 e6 3. Bb2 d5 4. e3 Be7 5. d4 O-O 6. Bd3 b6 7. Nbd2 Bb7 8. O-O Nbd7 9. c4 Ne4 10. cxd5 exd5 11. Rc1 c5 12. dxc5 Ndxc5 13. Be2 Rc8 14. Nd4 Bf6 15. N2f3 a6 16. b4 Ne6 17. a3 Re8 18. Qd3 h6 19. Rfd1 Qd7 20. Bf1 Red8 21. g3 Qe8 22. h4 g6 23. Bh3 Rxc1 24. Rxc1 Rc8 25. Rd1 Bg7 26. Qb3 Rc7 27. Nxe6 fxe6 28. Bxg7 Kxg7 29. Nd4 Bc8 30. Qb2 Kh7 31. Rc1 Qe7 32. Rxc7 Qxc7 33. Bxe6 Bxe6 34. Nxe6 Qf7 35. Nd4 Qc7 36. Kg2 g5 37. hxg5 hxg5 38. Qe2 Kg6 39. Qxa6 Qf7 40. f3 Nf6 41. Qxb6 g4 42. f4 Qe8 43. Qe6 Qa4 44. Qf5+ Kg7 45. Ne6+ Kf7 46. Ng5+ Kg7 47. Qd3 Qc6 48. b5 Qc1 49. Ne6+ Kf7 50. Nd4 Qb2+ 51. Qc2 Qa1 52. b6 Qe1 53. b7 Ne4 54. Qc7+ Kg6 55. f5+ Kh6 56. Qf4+ Kh7 57. b8=Q Qd2+ 58. Kg1 Qe1+ 59. Qf1 Qxg3+ 60. Qxg3 Nxg3 61. Qf4 Ne2+ 62. Nxe2 g3 63. Qg5 d4 64. f6 g2 65. Qg7# 1-0


[Site "https://www.chess.com"]

[Event "Titled Tuesday Blitz March 15 Late 2022"]
[White "Niemann, Hans Moke"]
[Black "Manukyan, Sargis A."]
[WhiteFideId "2093596"]
[BlackFideId "13303970"]
[WhiteElo "2632"]
[BlackElo "2187"]
[Result "1-0"]
[Round "01"]
[TimeControl "180+1"]
[Date "2022.03.15"]
[WhiteClock "0:02:17"]
[BlackClock "0:01:14"]

1. d4 d5 2. Nc3 Bf5 3. f3 Nf6 4. g4 Bg6 5. g5 Nh5 6. e4 dxe4 7. f4 e6 8. Be2 c5 9. Bxh5 cxd4 10. Bxg6 hxg6 11. Nxe4 Qd5 12. Qf3 Nc6 13. Bd2 O-O-O 14. Nf2 Qc4 15. Qb3 Qc5 16. O-O-O Qf5 17. Nf3 Bd6 18. Nd3 Rh3 19. Rdf1 Bb8 20. Kb1 Rd5 21. Nfe5 Bxe5 22. fxe5 Qe4 23. Nf2 Qxh1 24. Qxh3 1-0


[Site "https://www.chess.com"]

[Event "Titled Tuesday Blitz March 15 Late 2022"]
[White "Nihal Sarin"]
[Black "Khripachenko, Alexander"]
[WhiteFideId "25092340"]
[BlackFideId "54184975"]
[WhiteElo "2705"]
[BlackElo "2177"]
[Result "1-0"]
[Round "01"]
[TimeControl "180+1"]
[Date "2022.03.15"]
[WhiteClock "0:01:24"]
[BlackClock "0:00:53"]

1. e4 c5 2. Nf3 d6 3. Bb5+ Nd7 4. g4 a6 5. Be2 Ngf6 6. g5 Nh5 7. d4 g6 8. Nc3 Bg7 9. Be3 Qa5 10. Qd2 O-O 11. O-O-O b5 12. Kb1 Bb7 13. Nd5 Qd8 14. dxc5 Nxc5 15. e5 Rc8 16. Qb4 a5 17. Qh4 b4 18. Rd2 Qd7 19. Rhd1 Rcd8 20. Bxc5 dxc5 21. Nf6+ Nxf6 22. gxf6 Qc7 23. fxe7 1-0


[Site "https://www.chess.com"]

[Event "Titled Tuesday Blitz March 15 Late 2022"]
[White "Odegov, Artem"]
[Black "Jacobson, Brandon"]
[WhiteFideId "34183644"]
[BlackFideId "30901561"]
[WhiteElo "2286"]
[BlackElo "2362"]
[Result "0-1"]
[Round "01"]
[TimeControl "180+1"]
[Date "2022.03.15"]
[WhiteClock "0:00:07"]
[BlackClock "0:00:42"]

1. d4 Nf6 2. c4 g6 3. Nc3 Bg7 4. e4 d6 5. h3 O-O 6. Be3 Nbd7 7. Bd3 e5 8. d5 Nc5 9. Bc2 a5 10. g4 c6 11. Nge2 cxd5 12. cxd5 Bd7 13. a4 Qb6 14. O-O Qb4 15. f3 Rfc8 16. Qd2 Bf8 17. Nc1 Be7 18. Nd3 Nxd3 19. Bxd3 Bd8 20. Qf2 Be8 21. Rfc1 Nd7 22. Nb5 Nc5 23. Bxc5 Rxc5 24. Rxc5 dxc5 25. Rc1 Qxa4 26. Qxc5 Bg5 27. Rc2 Bd7 28. Nd6 Be7 29. Kg2 Rc8 30. Qxc8+ Bxc8 31. Nxc8 Bf8 32. Nb6 Qd4 33. Bf1 Qxb6 0-1


[Site "https://www.chess.com"]

[Event "Titled Tuesday Blitz March 15 Late 2022"]
[White "Olsen, Filip Boe"]
[Black "Vokhidov, Shamsiddin"]
[WhiteFideId "1440640"]
[BlackFideId "14204223"]
[WhiteElo "2188"]
[BlackElo "2611"]
[Result "0-1"]
[Round "01"]
[TimeControl "180+1"]
[Date "2022.03.15"]
[WhiteClock "0:00:02"]
[BlackClock "0:00:05"]

1. d4 Nf6 2. Nf3 d5 3. Bf4 c5 4. e3 Nc6 5. Nbd2 e6 6. c3 cxd4 7. exd4 Nh5 8. Bg3 Nxg3 9. hxg3 Bd7 10. Bd3 g6 11. Qe2 Bg7 12. O-O Qc7 13. Rfe1 O-O 14. Ne5 Rae8 15. Ndf3 Bc8 16. Rac1 f6 17. Nxc6 bxc6 18. c4 Qb6 19. cxd5 cxd5 20. Rc5 Bd7 21. Rec1 Rb8 22. b3 Rfc8 23. g4 Rxc5 24. dxc5 Qc7 25. c6 Bc8 26. Nd4 e5 27. Nb5 Qe7 28. Qe3 a6 29. Qa7 Qxa7 30. Nxa7 Bxg4 31. c7 Rb7 32. c8=Q+ Bxc8 33. Nxc8 a5 34. Nd6 Rd7 35. Rc8+ Bf8 36. Ne8 Kf7 37. Nxf6 Kxf6 38. Rxf8+ Kg5 39. Ra8 e4 40. Be2 d4 41. Rxa5+ Kf6 42. Kf1 Rc7 43. Ke1 Rc2 44. Bd1 Rb2 45. Ra4 Ke5 46. Rc4 Rxa2 47. Rc5+ Kd6 48. b4 Rb2 49. Rb5 d3 50. Rb8 g5 51. b5 Kc5 52. b6 Kc6 53. Ba4+ Kd6 54. Rd8+ Kc5 55. Rc8+ Kd6 56. Rb8 g4 57. g3 h5 58. Rh8 Kc5 59. Rxh5+ Kd4 60. Rh8 Rxb6 61. Bd1 Rb2 62. Rd8+ Ke5 63. Re8+ Kd5 64. Rd8+ Ke5 65. Rg8 e3 66. fxe3 Ke4 67. Rxg4+ Kxe3 68. Rg8 Rg2 69. Re8+ Kd4 70. g4 Kc3 71. Kf1 Rb2 72. Bf3 Kd4 73. Rd8+ Ke3 74. Bd1 Rf2+ 75. Ke1 Rg2 76. Re8+ Kd4 77. Kf1 Rg3 78. Kf2 Rh3 79. Bf3 Rh2+ 80. Kg3 Rh7 81. Rd8+ Ke3 82. g5 d2 83. Kg4 Rf7 84. Bd1 Rf1 85. Bb3 Rb1 86. Re8+ Kd3 87. Rd8+ Kc3 0-1


[Site "https://www.chess.com"]

[Event "Titled Tuesday Blitz March 15 Late 2022"]
[White "P., Komal Kishore"]
[Black "Suder, Jakub"]
[WhiteFideId "5016703"]
[BlackFideId "1195310"]
[WhiteElo "2115"]
[BlackElo "2058"]
[Result "0-1"]
[Round "01"]
[TimeControl "180+1"]
[Date "2022.03.16"]
[WhiteClock "0:00:02"]
[BlackClock "0:00:29"]

1. e4 c5 2. Nf3 Nc6 3. Bb5 Nf6 4. e5 Nd5 5. c3 g6 6. O-O Bg7 7. d4 cxd4 8. cxd4 Nc7 9. Bc4 O-O 10. Nc3 d6 11. exd6 exd6 12. Bg5 Qd7 13. Rc1 d5 14. Bb3 Na5 15. Ba4 Qg4 16. h3 Qh5 17. Ne2 Bxh3 18. Nf4 Qg4 19. Nxh3 Ne6 20. Be3 Nc4 21. Ne5 Nxe5 22. dxe5 Qh4 23. Qxd5 Qxa4 24. Ng5 Nxg5 25. Bxg5 Qa6 26. Bf6 Bxf6 27. exf6 Qxf6 28. Qxb7 Rfb8 29. Qd5 Qxb2 30. Rc7 Qf6 31. Re1 Rd8 32. Qc5 a5 33. g3 Qf3 34. Qc6 Qf5 35. Qc4 Rab8 36. Ree7 Rf8 37. Kg2 h5 38. Ra7 Rbc8 0-1


[Site "https://www.chess.com"]

[Event "Titled Tuesday Blitz March 15 Late 2022"]
[White "Palachev, Petr"]
[Black "Peatman, Carter"]
[WhiteFideId "24129003"]
[BlackFideId "2096480"]
[WhiteElo "2339"]
[BlackElo "2422"]
[Result "1-0"]
[Round "01"]
[TimeControl "180+1"]
[Date "2022.03.16"]
[WhiteClock "0:00:18"]
[BlackClock "0:00:12"]

1. d4 d5 2. Nf3 Nf6 3. e3 Bf5 4. c4 c6 5. Nc3 e6 6. Bd3 Bxd3 7. Qxd3 Nbd7 8. O-O Bd6 9. e4 dxe4 10. Nxe4 Nxe4 11. Qxe4 Nf6 12. Qe2 O-O 13. b3 Qc7 14. Bb2 Rfe8 15. Rad1 a5 16. Rd3 a4 17. Rfd1 axb3 18. axb3 Bb4 19. Ne5 Nd7 20. Qh5 Nxe5 21. dxe5 Rad8 22. h4 Rxd3 23. Rxd3 Rd8 24. Rg3 Qd7 25. Kh2 Qd2 26. Qg5 Qxg5 27. hxg5 Rd2 28. Bc1 Rxf2 29. Rd3 Kf8 30. Rd8+ Ke7 31. Rb8 Bc3 32. Rxb7+ Kd8 33. Kg3 Re2 34. Bf4 Ke8 35. Kf3 Re1 36. Rb8+ Ke7 37. Rb7+ Ke8 38. Rc7 Bxe5 39. Bxe5 Rxe5 40. Rxc6 Rxg5 41. b4 Rf5+ 42. Ke4 Rf2 43. b5 Kd7 44. Ra6 f5+ 45. Kd4 Rxg2 46. Ra7+ Kc8 47. b6 e5+ 48. Kxe5 Rc2 49. Kd5 Rd2+ 50. Kc6 Kd8 51. Ra8+ Ke7 52. b7 Rb2 53. b8=Q Rxb8 54. Rxb8 f4 55. Kd5 g5 56. Ke4 h5 57. Rb6 Kf7 58. Kf5 f3 59. Kxg5 Kg7 60. Rf6 f2 61. Rxf2 1-0


[Site "https://www.chess.com"]

[Event "Titled Tuesday Blitz March 15 Late 2022"]
[White "Perez Torres, Nabi Isaias"]
[Black "Goltsev, Dmitry"]
[WhiteFideId "5120373"]
[BlackFideId "24176710"]
[WhiteElo "1755"]
[BlackElo "2273"]
[Result "0-1"]
[Round "01"]
[TimeControl "180+1"]
[Date "2022.03.16"]
[WhiteClock "0:00:05"]
[BlackClock "0:02:00"]

1. d4 Nf6 2. c4 e6 3. Nf3 Bb4+ 4. Nbd2 Qe7 5. a3 Bxd2+ 6. Qxd2 b6 7. e3 Bb7 8. Be2 Ne4 9. Qc2 d6 10. O-O a5 11. b3 Nd7 12. Nd2 f5 13. f3 Nxd2 14. Qxd2 O-O 15. Bb2 e5 16. d5 Nc5 17. Qc3 Qg5 18. Bd1 Rf6 19. b4 axb4 20. axb4 Rxa1 21. Bxa1 Nd7 22. f4 Qh4 23. g3 Qh3 24. Ba4 Rh6 25. Rf2 Nf6 26. Qc2 Ng4 27. Re2 e4 28. Bd4 Rg6 29. Bd7 Nxh2 30. Rxh2 Qxg3+ 31. Kf1 Qg1+ 0-1


[Site "https://www.chess.com"]

[Event "Titled Tuesday Blitz March 15 Late 2022"]
[White "Petesch, Gabriel"]
[Black "Deac, Bogdan-Daniel"]
[WhiteFideId "2032465"]
[BlackFideId "1226380"]
[WhiteElo "2374"]
[BlackElo "2646"]
[Result "0-1"]
[Round "01"]
[TimeControl "180+1"]
[Date "2022.03.15"]
[WhiteClock "0:00:02"]
[BlackClock "0:00:05"]

1. Nf3 g6 2. g3 Bg7 3. Bg2 e5 4. O-O d5 5. c4 dxc4 6. Qa4+ c6 7. Qxc4 Nh6 8. d4 exd4 9. Rd1 Nf5 10. e3 Be6 11. Qb4 Qb6 12. Qxb6 axb6 13. e4 Ne7 14. Nxd4 Bc8 15. Nc3 Na6 16. Bf4 Nc5 17. Bd6 Ne6 18. Nc2 f6 19. Ne3 Kf7 20. a4 Rd8 21. Nc4 Ra6 22. Ba3 c5 23. Nd6+ Kf8 24. Ncb5 Ra8 25. Bh3 f5 26. exf5 gxf5 27. Nxf5 Nc6 28. Rxd8+ Nexd8 29. Rd1 Rxa4 30. Nbd6 Be6 31. Bf1 Bd4 32. Bb5 Ra5 0-1


[Site "https://www.chess.com"]

[Event "Titled Tuesday Blitz March 15 Late 2022"]
[White "Piliczewski, Bogusz"]
[Black "Golubev, Mikhail"]
[WhiteFideId "1104144"]
[BlackFideId "14100983"]
[WhiteElo "1896"]
[BlackElo "2374"]
[Result "0-1"]
[Round "01"]
[TimeControl "180+1"]
[Date "2022.03.16"]
[WhiteClock "0:00:01"]
[BlackClock "0:00:23"]

1. d4 Nf6 2. Nf3 d6 3. Bf4 g6 4. h3 Bg7 5. e3 O-O 6. Be2 b6 7. O-O Bb7 8. c4 Ne4 9. Nbd2 Nxd2 10. Qxd2 Nd7 11. b4 e5 12. Bh2 exd4 13. exd4 a5 14. a3 Nf6 15. Rfd1 Re8 16. Rac1 axb4 17. axb4 Qd7 18. Rc2 Ne4 19. Qc1 Nf6 20. Kf1 d5 21. c5 bxc5 22. bxc5 Rxe2 23. Rxe2 Ba6 24. Qc2 Ne4 25. Kg1 Bxe2 26. Qxe2 Nc3 27. Qd2 Nxd1 28. Qxd1 Qa4 29. Qxa4 Rxa4 30. Bxc7 Bxd4 31. Nxd4 Rxd4 32. Bb6 Rc4 33. Kf1 f5 34. Ke2 Kf7 35. Kd3 Ke6 36. f3 Kd7 37. g4 Kc6 38. gxf5 gxf5 39. Ke3 f4+ 0-1


[Site "https://www.chess.com"]

[Event "Titled Tuesday Blitz March 15 Late 2022"]
[White "Plotnikov, Pavel"]
[Black "Van Foreest, Jorden"]
[WhiteFideId "4170342"]
[BlackFideId "1039784"]
[WhiteElo "2298"]
[BlackElo "2609"]
[Result "1-0"]
[Round "01"]
[TimeControl "180+1"]
[Date "2022.03.15"]
[WhiteClock "0:00:05"]
[BlackClock "0:00:01"]

1. e4 c6 2. d4 d5 3. exd5 cxd5 4. Bd3 Nc6 5. c3 Nf6 6. Bf4 Bg4 7. Qb3 Qd7 8. Nd2 e6 9. Ngf3 Bd6 10. Bxd6 Qxd6 11. O-O O-O 12. Rae1 Rab8 13. a4 Qc7 14. Ne5 Bh5 15. f4 Bg6 16. Nxg6 hxg6 17. Rf3 a6 18. Ree3 b5 19. axb5 axb5 20. Qd1 b4 21. Qe1 bxc3 22. bxc3 Rb2 23. Nf1 Ra8 24. Qh4 Ra1 25. Rh3 Kf8 26. Qh8+ Ke7 27. Qxg7 Nh5 28. Bxg6 Qxf4 29. Ref3 Nd8 30. Bxh5 Qe4 31. Bxf7 Kd6 32. Be8 Rb7 33. Qg3+ e5 34. Rf6+ Ne6 35. Rxe6+ Kxe6 36. Rh6+ Ke7 37. Qg7+ Kd8 38. Rd6+ Kc8 39. Bd7+ Kb8 40. Qxe5 Ka7 41. Qxe4 dxe4 42. Bg4 e3 43. Re6 Rbb1 44. Be2 Re1 45. Rxe3 Ra2 46. Kf2 Rc1 47. h4 Rb1 48. h5 Rb7 49. Ng3 Rf7+ 50. Rf3 Rh7 51. Rf5 Kb6 52. c4 Kc7 53. c5 Rd2 54. d5 Kd7 55. Ke3 Rb2 56. d6 Ke6 57. Rg5 Kd7 58. Ne4 Rb3+ 59. Kf4 Kc6 60. Bf3 Kb5 61. Rd5 Rf7+ 62. Kg3 Rg7+ 63. Kf2 Rb2+ 64. Kg1 Rb1+ 65. Kh2 Kc6 66. Rd3 Kd7 67. Nf6+ Ke6 68. Ng4 Rg5 69. h6 Rh5+ 70. Kg3 Rc1 71. d7 1-0


[Site "https://www.chess.com"]

[Event "Titled Tuesday Blitz March 15 Late 2022"]
[White "Postnikov, Daniil"]
[Black "Donatti, Alvaro"]
[WhiteFideId "4166329"]
[BlackFideId "3000303"]
[WhiteElo "2261"]
[BlackElo "2138"]
[Result "1-0"]
[Round "01"]
[TimeControl "180+1"]
[Date "2022.03.16"]
[WhiteClock "0:00:33"]
[BlackClock "0:00:32"]

1. e4 c5 2. Nf3 e6 3. g3 Nc6 4. Bg2 g6 5. O-O Bg7 6. c3 Nge7 7. d4 cxd4 8. cxd4 d5 9. e5 O-O 10. Nc3 a6 11. Bg5 Qb6 12. Qd2 Nf5 13. Rfd1 Qb4 14. g4 Nfe7 15. Bf6 Bd7 16. h4 Na5 17. a3 Qc4 18. Bxe7 Rfe8 19. Bf6 Nb3 20. Qf4 Nxa1 21. Rxa1 Qb3 22. Rb1 Rac8 23. h5 Rxc3 24. Nd2 Qc2 25. bxc3 Qxc3 26. Bxg7 Kxg7 27. h6+ Kf8 28. Rxb7 Qc1+ 29. Kh2 Rd8 30. Qf6 Ke8 31. Qg5 Rc8 32. Nf3 Qxa3 33. Qf6 Qf8 34. Qg7 a5 35. Ng5 Qxg7 36. hxg7 Ke7 37. Nxh7 Rg8 38. Nf6 1-0


[Site "https://www.chess.com"]

[Event "Titled Tuesday Blitz March 15 Late 2022"]
[White "Rabineau, Clement"]
[Black "Obolenskikh, Dmitry"]
[WhiteFideId "628891"]
[BlackFideId "4156013"]
[WhiteElo "2237"]
[BlackElo "2512"]
[Result "0-1"]
[Round "01"]
[TimeControl "180+1"]
[Date "2022.03.16"]
[WhiteClock "0:00:02"]
[BlackClock "0:00:50"]

1. e4 e5 2. Nf3 Nc6 3. Bb5 a6 4. Bxc6 dxc6 5. d4 exd4 6. Qxd4 Qxd4 7. Nxd4 Bd7 8. Nc3 O-O-O 9. Be3 Bb4 10. Ne2 f5 11. O-O-O Re8 12. a3 Bxc3 13. Nxc3 fxe4 14. Bd4 Nf6 15. Rhe1 Bf5 16. Bxf6 gxf6 17. Rd4 Bg6 18. g4 h5 19. h3 hxg4 20. hxg4 c5 21. Rc4 b6 22. a4 Rh2 23. Re2 e3 24. Rxe3 Rxe3 25. fxe3 Rxc2+ 26. Kd1 Rxb2 27. Rf4 Rg2 28. Rxf6 Rxg4 29. Nd5 Kd7 30. a5 Be4 31. Nc3 Bc6 32. axb6 cxb6 33. Rf7+ Ke6 34. Rc7 Kd6 35. Ra7 a5 36. Kd2 a4 37. Kd3 b5 38. e4 Rg3+ 39. Kd2 b4 40. Nxa4 Ra3 0-1


[Site "https://www.chess.com"]

[Event "Titled Tuesday Blitz March 15 Late 2022"]
[White "Risteski, Emil"]
[Black "Prohorov, Olexandr"]
[WhiteFideId "15005267"]
[BlackFideId "14105578"]
[WhiteElo "2070"]
[BlackElo "1993"]
[Result "1-0"]
[Round "01"]
[TimeControl "180+1"]
[Date "2022.03.16"]
[WhiteClock "0:01:24"]
[BlackClock "0:00:10"]

1. d3 g6 2. f4 Bg7 3. e4 c5 4. Nf3 Nc6 5. Be2 d6 6. O-O Nf6 7. Qe1 O-O 8. Qh4 Nd4 9. Bd1 b5 10. Nxd4 cxd4 11. Nd2 Qd7 12. h3 Ne8 13. f5 Bf6 14. Qf2 Ng7 15. g4 gxf5 16. gxf5 Kh8 17. Nf3 Rg8 18. Kh1 Nh5 19. Rg1 Bb7 20. Ng5 Bxg5 21. Bxg5 Nf6 22. Bxf6+ exf6 23. Bg4 d5 24. Qxd4 Qc6 25. Bf3 Qd6 26. exd5 Rxg1+ 27. Rxg1 Rg8 28. Rxg8+ Kxg8 29. Kg2 a5 30. c4 bxc4 31. dxc4 1-0


[Site "https://www.chess.com"]

[Event "Titled Tuesday Blitz March 15 Late 2022"]
[White "Romanchuk, Viktor"]
[Black "Dubov, Daniil"]
[WhiteFideId "14109271"]
[BlackFideId "24126055"]
[WhiteElo "2242"]
[BlackElo "2791"]
[Result "0-1"]
[Round "01"]
[TimeControl "180+1"]
[Date "2022.03.15"]
[WhiteClock "0:01:06"]
[BlackClock "0:01:30"]

1. d4 Nf6 2. c4 e6 3. Nc3 Bb4 4. e3 d5 5. a3 Bxc3+ 6. bxc3 c6 7. cxd5 cxd5 8. c4 O-O 9. Nf3 b6 10. cxd5 Qxd5 11. Bd3 Ba6 12. O-O Bxd3 13. Qxd3 Nbd7 14. a4 e5 15. Qf5 e4 16. Qxd5 Nxd5 17. Nd2 f5 18. Ba3 Rfc8 19. Rfc1 Kf7 20. Kf1 Ke6 21. Nc4 Rc6 22. Ke1 Rac8 23. Nd2 Rxc1+ 24. Rxc1 Rxc1+ 25. Bxc1 Nc3 26. a5 bxa5 27. Bb2 Nd5 28. Nc4 a4 29. Kd2 N7f6 30. h3 f4 31. Ne5 g5 32. Nc6 h5 33. Nxa7 fxe3+ 34. fxe3 Nb6 35. Kc2 Nfd5 36. Bc1 Nc4 0-1


[Site "https://www.chess.com"]

[Event "Titled Tuesday Blitz March 15 Late 2022"]
[White "Rosen, Eric"]
[Black "Chyngyz, Sultai"]
[WhiteFideId "2032562"]
[BlackFideId "13803158"]
[WhiteElo "2362"]
[BlackElo "1365"]
[Result "1-0"]
[Round "01"]
[TimeControl "180+1"]
[Date "2022.03.16"]
[WhiteClock "0:00:34"]
[BlackClock "0:00:12"]

1. d4 Nf6 2. Bf4 d5 3. e3 g6 4. Nc3 Bg7 5. h4 h5 6. Nf3 O-O 7. Ne5 Nbd7 8. Be2 Nb6 9. a4 a5 10. Bf3 c6 11. Qe2 Be6 12. b3 Qc8 13. Nd3 Bg4 14. Nc5 Nbd7 15. Bxg4 Nxg4 16. Nxd7 Qxd7 17. f3 Nf6 18. Be5 Qe6 19. O-O Bh6 20. Nd1 Nd7 21. Bg3 f5 22. Bf2 f4 23. Re1 fxe3 24. Bxe3 Bg7 25. Nb2 Qf5 26. Nd3 e5 27. dxe5 Nxe5 28. Rad1 Rae8 29. Nxe5 Bxe5 30. Qf2 Bg7 31. Bc5 Rxe1+ 32. Rxe1 Qf4 33. g3 Qf7 34. Bxf8 Qxf8 35. Kg2 Qb4 36. Qe2 Kh7 37. Rd1 Qc3 38. Qd3 Qf6 39. Re1 Qd6 40. Re2 d4 41. Re4 c5 42. g4 Kh6 43. Qd2+ Kh7 44. Qf4 Qd5 45. Re7 d3 46. cxd3 Qd8 47. Qf7 Qh8 48. gxh5 gxh5 49. Qxh5+ Kg8 50. Re8+ Bf8 51. Rxf8+ Kxf8 52. Qxh8+ Ke7 53. Qh6 Kd7 54. Qg6 c4 55. h5 c3 56. d4 b5 57. h6 bxa4 58. h7 axb3 59. h8=Q b2 60. Qhh7+ Kc8 61. Qgg8# 1-0


[Site "https://www.chess.com"]